 Dungeon Crawl Stone Soup version 0.25-a0-1130-g3926558f3a (webtiles) character file.

Game seed: 14858952568664414184, levelgen mode: deterministic

735 Flugslaktarn the Chopper (level 7, -3/49 HPs)
             Began as an Octopode Fighter on May 19, 2020.
             Was a Believer of Okawaru.
             Slain by an ice beast (5 damage)
             ... on level 5 of the Dungeon.
             The game lasted 00:02:09 (4487 turns).

Flugslaktarn the Chopper (Octopode Fighter)         Turns: 4487, Time: 00:02:10

Health: -3/49      AC: -3    Str: 15    XL:     7   Next: 74%
Magic:  0/8        EV: 13    Int: 10    God:    Okawaru [**....]
Gold:   243        SH:  9    Dex: 12    Spells: 6/6 levels left

rFire    . . .     SeeInvis .   a - +0 war axe
rCold    + . .     Gourm    .   b - +0 kite shield
rNeg     . . .     Faith    .   k - +0 hat
rPois    .         Spirit   +   o - amulet of guardian spirit
rElec    .         Reflect  .   p - -4 ring of protection (curse)
rCorr    .         Harm     .   j - +4 ring of slaying
MR       .....                  (no ring)
Stlth    ++........             (no ring)
HPRegen  0.16/turn              (no ring)
MPRegen  0.11/turn              (no ring)
                                (no ring)
                                (no ring)

@: brilliant, lethally poisoned (-3 -> -4), stab
A: almost no armour, stealthy swim, amphibious, 8 rings, constrict 8, camouflage
1, clumsy 1, cold resistance 1, low mp 1, gelatinous body 1
a: Heroism, Renounce Religion


You were on level 5 of the Dungeon.
You worshipped Okawaru.
Okawaru was pleased with you.
You were not hungry.

You visited 1 branch of the dungeon, and saw 5 of its levels.

You collected 243 gold pieces.

Inventory:

Hand Weapons
 a - a +0 war axe (weapon)
Armour
 b - a +0 kite shield (worn)
 k - a +0 hat (worn)
   (You found it on level 1 of the Dungeon)
Jewellery
 j - a +4 ring of slaying (right tentacle)
   (You found it on level 1 of the Dungeon)
 o - an amulet of guardian spirit (around mantle)
   (You found it on level 3 of the Dungeon)
 p - a cursed -4 ring of protection (left tentacle)
   (You found it on level 1 of the Dungeon)
 s - an uncursed ring of ice {unknown}
   (You found it on level 4 of the Dungeon)
Scrolls
 e - 9 scrolls of identify {unknown}
 f - 2 scrolls of noise {unknown}
 g - a scroll of enchant armour {unknown}
 h - 8 scrolls of remove curse {unknown}
 m - 3 scrolls of teleportation {unknown}
 q - a scroll of amnesia {unknown}
Potions
 d - 2 potions of might
 t - a potion of flight {unknown}
Comestibles
 c - 10 rations
 l - a chunk of flesh


   Skills:
 + Level 4.4 Fighting
 * Level 5.2 Axes
 + Level 4.5 Dodging
 + Level 4.4 Shields
 + Level 3.1 Invocations


You had 6 spell levels left.
You didn't know any spells.
Your spell library was empty.

Dungeon Overview and Level Annotations

Branches:
Dungeon (5/15)
 Temple: D:4-7

Altars:
Okawaru


Innate Abilities, Weirdness & Mutations

You cannot wear most types of armour.
You are very stealthy in the water. (Stealth+)
You are amphibious.
You can wear up to eight rings at the same time.
You can use your tentacles to constrict eight enemies at once.
Your skin changes colour to match your surroundings (Stealth+).
Your rubbery body absorbs attacks. (AC +1, EV +1)
You are clumsy. (Dex -2)
Your flesh is cold resistant. (rC+)
Your magical capacity is low. (-10% MP)


Message History

You feel sick. The ice beast hits you. The ice beast freezes you!
* * * LOW HITPOINT WARNING * * *
* * * LOW HITPOINT WARNING * * *
You feel sick.
There is an open door here.
* * * LOW HITPOINT WARNING * * *
You feel sick.
It was a potion of stabbing.
You feel ready to backstab. You block the ice beast's attack.
Unknown command.
It was a potion of mutation.
You feel extremely strange.
You feel clumsy.
You feel less energetic.
You feel resistant to cold.
* * * LOW HITPOINT WARNING * * *
You feel sick. The ice beast closely misses you.
Unknown command.
It was a potion of brilliance.
You feel clever all of a sudden. The ice beast hits you.
The ice beast freezes you! You resist.
You die...

#................
#.........#####..
+............>#
#.........###.#
#####'##+## #.# .
#.# .. #### #Y# #.
..# #@#
.###.#####.# #(#
........#.####.##
#....#.).......#
#..............#
#....#.........#
#.............##
####....###.######
......(..##.##


You could see an ice beast.

Vanquished Creatures
  2 phantoms
  A centaur (D:5)
  A scorpion (D:5)
  A hound (D:2)
  An iguana (D:3)
  6 orc wizards
  3 worker ants (D:4)
  2 adders
  An ooze (D:2)
  An adder skeleton (D:4)
  3 worms
  A dart slug (D:3)
  7 leopard geckos
  21 orcs
  2 ball pythons
  4 giant cockroaches
  4 goblins
  10 hobgoblins
  4 jackals (D:2)
  7 kobolds
  2 quokkas
  3 bats
  6 frilled lizards
  A leopard gecko skeleton (D:4)
  2 rats
96 creatures vanquished.

Notes
Turn   | Place    | Note
-------+----------+-------------------------------------------
     0 | D:1      | Flugslaktarn the Octopode Fighter began the quest for the
                  | Orb.
     0 | D:1      | Reached XP level 1. HP: 16/16 MP: 1/1
    86 | D:1      | Reached XP level 2. HP: 18/21 MP: 2/2
   946 | D:2      | Reached XP level 3. HP: 25/26 MP: 3/3
  1030 | D:2      | Found an iron altar of Okawaru.
  1052 | D:2      | Became a worshipper of Warmaster Okawaru
  1260 | D:2      | Reached skill level 3 in Axes
  1260 | D:2      | Reached XP level 4. HP: 31/31 MP: 4/4
  2089 | D:3      | Reached skill level 1 in Invocations
  2093 | D:3      | Reached XP level 5. HP: 32/36 MP: 5/5
  2676 | D:4      | Noticed a phantom
  2697 | D:3      | Reached * piety under Okawaru
  2724 | D:4      | Killed a phantom
  2724 | D:4      | Reached skill level 4 in Axes
  2724 | D:4      | Reached XP level 6. HP: 18/43 MP: 3/7
  3447 | D:4      | Reached XP level 7. HP: 48/48 MP: 8/8
  4169 | D:5      | Entered Level 5 of the Dungeon
  4289 | D:5      | Reached skill level 5 in Axes
  4343 | D:5      | Reached ** piety under Okawaru
  4482 | D:5      | HP: 2/49 [poisoned by an adder]
  4486 | D:5      | Gained mutation: You are clumsy. (Dex -2) [potion of
                  | mutation]
  4486 | D:5      | Gained mutation: Your magical capacity is low. (-10% MP)
                  | [potion of mutation]
  4486 | D:5      | Gained mutation: Your flesh is cold resistant. (rC+)
                  | [potion of mutation]
  4487 | D:5      | Slain by an ice beast

Illustrated notes

Levels and vault maps discovered:
D:1:      sevenhm_arrival_forest_fort_large_4, layout_loops_ring
D:2:      layout_basic, okawaru_trees_2
D:3:      layout_rooms, ebering_dispersal_statue_hall
D:4:      layout_basic
D:5:      layout_basic, first_ration, uniq_edmund, uniq_ijyb

Skill      XL: |  1  2  3  4  5  6  7 |
---------------+----------------------+-----
Axes           | 3 4 5 |  5.2
Invocations    | 1 2 3 |  3.1
Dodging        | 4 |  4.5
Fighting       | 4 |  4.4
Shields        | 4 |  4.4

Action                   |  1- 3 |  4- 6 |  7- 9 || total
-------------------------+-------+-------+-------++-------
Melee: War axe           |    41 |    93 |    42 ||   176
       Constrict         |    15 |    23 |     8 ||    46
       Tentacles         |     9 |    19 |    13 ||    41
       Punch             |       |     1 |       ||     1
Invok: Heroism           |       |     1 |     1 ||     2
  Use: Potion            |       |       |     3 ||     3
 Stab: Sleeping          |     3 |     6 |       ||     9
       Distracted        |       |     1 |       ||     1
  Eat: Chunk             |     1 |     7 |     3 ||    11
Armor: Skin              |     1 |       |       ||     1
Dodge: Dodged            |    16 |    45 |    24 ||    85
Block: Kite shield       |    13 |    40 |    23 ||    76

Table legend:
 A = Non-vault XP
 B = Vault XP
 C = Vault XP percentage of total XP
 D = Non-vault monster count
 E = Vault monster count
 F = Vault count percentage of total count
                 A         B        C        D         E       F
            +---------+---------+-------+---------+---------+-------
      Total |    1051 |       0 |   0.0 |      96 |       0 |   0.0
            +---------+---------+-------+---------+---------+-------
        D:1 |      26 |       0 |   0.0 |      12 |       0 |   0.0
        D:2 |      89 |       0 |   0.0 |      22 |       0 |   0.0
        D:3 |     167 |       0 |   0.0 |      26 |       0 |   0.0
        D:4 |     380 |       0 |   0.0 |      24 |       0 |   0.0
        D:5 |     389 |       0 |   0.0 |      12 |       0 |   0.0
            +---------+---------+-------+---------+---------+-------
